 Dungeon Crawl Stone Soup version 0.27-a0-287-gd4424db430 (webtiles) character file.

Game seed: 17064605303546301836

56 runemasterragnar the Insei (level 3, -1/23 HPs)
             Began as an Octopode Transmuter on Feb 9, 2021.
             Slain by an adder (2 damage)
             ... on level 2 of the Dungeon.
             The game lasted 00:02:16 (1586 turns).

runemasterragnar the Insei (Octopode Transmuter)    Turns: 1586, Time: 00:02:17

Health: -1/23      AC:  1    Str:  9    XL:     3   Next: 95%
Magic:  3/6        EV: 13    Int: 16    God:
Gold:   118        SH:  0    Dex: 12    Spells: 0/6 levels left

rFire    . . .     SeeInvis .     - Unarmed
rCold    . . .     Faith    .   (no shield)
rNeg     . . .     Spirit   .   (helmet restricted)
rPois    .         Reflect  .   (no amulet)
rElec    .         Harm     .   (no ring)
rCorr    .         Rampage  .   (no ring)
Will     .....                  (no ring)
Stlth    +++.......             (no ring)
HPRegen  0.07/turn              (no ring)
MPRegen  0.10/turn              (no ring)
                                (no ring)
                                (no ring)

@: lethally poisoned (-1 -> -6)
A: almost no armour, stealthy swim, amphibious, 8 rings, constrict 8, camouflage
1, gelatinous body 1
a: no special abilities


You were on level 2 of the Dungeon.
You visited 1 branch of the dungeon, and saw 2 of its levels.

You collected 118 gold pieces.

Inventory:

Missiles
 k - 16 poisoned darts
Jewellery
 h - a +6 ring of intelligence {unknown}
Scrolls
 a - a scroll of fog {unknown}
 b - a scroll of amnesia {unknown}
 c - 3 scrolls of identify {unknown}
 d - 3 scrolls of teleportation {unknown}
 e - a scroll of random uselessness {unknown}
 f - a scroll of fear {unknown}
 g - 2 scrolls of magic mapping {unknown}
 j - 2 scrolls of remove curse {unknown}


   Skills:
 + Level 1.6 Fighting
 + Level 2.3 Dodging
 + Level 1.4 Stealth
 + Level 3.3 Unarmed Combat
 + Level 2.2 Spellcasting
 * Level 2.8 Transmutations


You couldn't memorise any spells.
You knew the following spells:

 Your Spells              Type           Power        Failure   Level
a - Beastly Appendage     Tmut           20%          6%          1
b - Wereblood             Tmut           10%          10%         2
c - Spider Form           Tmut/Pois      3%           34%         3

Your spell library contained the following spells:

 Spells                   Type           Power        Failure   Level
 Ice Form                 Ice/Tmut       6%           75%         4
 Blade Hands              Tmut           5%           87%         5


Dungeon Overview and Level Annotations

Branches:
Dungeon (2/15)

Altars:


Innate Abilities, Weirdness & Mutations

You cannot wear most types of armour.
You are very stealthy in the water. (Stealth+)
You are amphibious.
You can wear up to eight rings at the same time.
You can use your tentacles to constrict eight enemies at once.
Your skin changes colour to match your surroundings (Stealth+).
Your rubbery body absorbs attacks. (AC +1, EV +1)


Message History

The worm is heavily wounded.
Your transformation has ended.
An adder comes into view.
You tentacle-slap the worm. You grab the worm.
The worm is severely wounded.
You constrict the worm.
You feel sick. The worm bites you.
* * * LOW HITPOINT WARNING * * *
You bludgeon the worm!
You kill the worm!
It was a potion of haste.
You feel yourself speed up.
* * * LOW HITPOINT WARNING * * *
You feel sick. The adder closely misses you. The adder bites you.
* * * LOW HITPOINT WARNING * * *
It was a potion of cancellation.
Your magical effects are unravelling.
You feel magically purged.
You feel yourself slow down.
Your primal bloodlust has ended.
You miss the adder. You grab the adder. You constrict the adder.
The adder bites you.
You die...

####.#.###########
#.#..#.#.#.#.#. #.
#.###.#.#.#.#.# #.#
#.#..###.###.## #
####.#####.#.#.#.#.#.#.#
.##.............#.#.#.#.#.
.....#.#####..############
#..#.#####..##
#.....S@†....#
#.#...####..## #
##..####..# .# #.....##..#
#.#### #.Kw..##..# #.....#
..........###.....#.
.....(......<.†......
#..........####.....#.
...........# #.....#


You could see an adder.

Vanquished Creatures
  2 adders (D:2)
  A worm (D:2)
  A dart slug (D:1)
  4 bats
  7 hobgoblins
  7 kobolds
  3 frilled lizards
  5 goblins
  4 rats
34 creatures vanquished.

Vanquished Creatures (others)
  7 plants (D:2)
7 creatures vanquished.

Grand Total: 41 creatures vanquished

Notes
Turn   | Place    | Note
-------+----------+-------------------------------------------
     0 | D:1      | runemasterragnar the Octopode Transmuter began the quest
                  | for the Orb.
     0 | D:1      | Reached XP level 1. HP: 13/13 MP: 3/3
   158 | D:1      | Reached XP level 2. HP: 14/18 MP: 3/5
   167 | D:1      | Learned a level 2 spell: Wereblood
  1000 | D:2      | Reached skill level 1 in Stealth
  1000 | D:2      | Reached XP level 3. HP: 16/23 MP: 6/6
  1004 | D:2      | Learned a level 3 spell: Spider Form
  1584 | D:2      | HP: 1/23 [adder (3)]
  1586 | D:2      | Slain by an adder

Illustrated notes

Levels and vault maps discovered:
D:1:      minmay_arrival_split_and_join, layout_basic
D:2:      layout_loops_ring, roderic_roman_lattice, serial_bayou_pond_b

Skill      XL: |  1  2 |
---------------+-------+-----
Stealth        | 1 |  1.4
Fighting       | |  1.6
Dodging        | |  2.3
Unarmed Combat | |  3.3
Spellcasting   | |  2.2
Transmutations | |  2.8

Action                   || total
-------------------------++-------
Melee: Unarmed           ||    71
       Constrict         ||    14
       Kick              ||    10
       Tentacles         ||     8
       Punch             ||     2
 Cast: Beastly Appendage ||    15
       Spider Form       ||     1
       Wereblood         ||     1
  Use: Potion            ||     2
 Stab: Sleeping          ||     1
Armor: Skin              ||     7
Dodge: Dodged            ||    47

Table legend: (Time is in decaauts)
 A = Elapsed time spent in this place.
 B = Non-inter-level travel time spent in this place.
 C = Inter-level travel time spent in this place.
 D = Time resting spent in this place.
 E = Time spent auto-exploring this place.
 F = Levels seen in this place.
 G = Mean time per level.
                   A        B        C        D        E       F      G
               +--------+--------+--------+--------+--------+-----+--------+
         Total |   1582 |   1549 |     33 |      7 |   1310 |   2 |  791.0 |
       Dungeon |   1582 |   1549 |     33 |      7 |   1310 |   2 |  791.0 |
               +--------+--------+--------+--------+--------+-----+--------+

Top non-repeatable levels by time:
     D:1: 986 daAuts
     D:2: 596 daAuts
